 Dungeon Crawl Stone Soup version 0.25-a0-36-g303dd5b1f4 (webtiles) character file.

Game seed: 6746564822734584958, levelgen mode: deterministic

22589 Esekla the Thaumaturge (level 12, -18/61 HPs)
             Began as a Deep Elf Wizard on Oct 20, 2019.
             Was a Plaything of Xom.
             Killed from afar by a fire dragon (56 damage)
             ... with a blast of flame
             ... in a volcano on Oct 21, 2019.
             The game lasted 03:40:28 (14999 turns).

Esekla the Thaumaturge (Deep Elf Wizard)           Turns: 14999, Time: 03:40:31

Health: -18/61     AC: 19    Str:  9    XL:     12   Next: 64%
Magic:  30/30      EV: 19    Int: 29    God:    Xom [....*.]
Gold:   943        SH:  0    Dex: 27    Spells: 26/35 levels left

rFire    . . .     SeeInvis .   k - +7 scimitar "Bism" {venom, rC+}
rCold    + . .     Gourm    .   (no shield)
rNeg     . . .     Faith    +   a - +1 steam dragon scales
rPois    .         Spirit   .   b - +0 hat
rElec    +         Reflect  .   w - +1 cloak
rCorr    .         Harm     .   (no gloves)
MR       +....                  F - +0 pair of boots
Stlth    +++++.....             j - amulet of Xom's Malicious Joy {Faith rElec rC- Int+4 Dex+7}
HPRegen  0.20/turn              n - ring of protection from cold
MPRegen  0.22/turn              H - ring of Robustness {AC+8}

@: no status effects
A: antennae 1, thin metallic scales 1, thin skeletal structure 1, agile 2,
strong 1, wild magic 1, evolution 1, sturdy frame 1
a: Renounce Religion


You were in a volcano.
You worshipped Xom.
You were a beloved toy of Xom.
You were very hungry.

You visited 3 branches of the dungeon, and saw 15 of its levels.
You also visited: Ice Cave and Volcano.

You collected 1341 gold pieces.
You spent 398 gold pieces at shops.

Inventory:

Hand Weapons
 k - the +7 scimitar "Bism" (weapon) {venom, rC+}
   (You found it on level 2 of the Lair of Beasts)

   It poisons the flesh of those it strikes.
   It protects you from cold.
 s - the +3 dagger of Fear {freeze, +Inv rC++ MR- Stlth+}
   (You found it on level 8 of the Dungeon)

   It has been specially enchanted to freeze those struck by it, causing extra
   injury to most foes and up to half again as much damage against particularly
   susceptible opponents.
   It can also slow down cold-blooded creatures.
   It greatly protects you from cold.
   It affects your resistance to hostile enchantments.
   It lets you turn invisible.
   It makes you more stealthy.
 t - a +2 dagger of protection
 A - a +2 shortbow of velocity
 B - a +2 battleaxe of flaming
Missiles
 L - 6 boomerangs of dispersal
 M - 3 poisoned darts (quivered)
 O - 2 boomerangs
Armour
 a - +1 steam dragon scales (worn)
 b - a +0 hat (worn)
 w - a +1 cloak (worn)
 y - the +1 robe of Ophaeh {rCorr Dex+5}
   (You found it on level 5 of the Dungeon)

   It affects your dexterity (+5).
   It provides partial protection from all sources of acid and corrosion.
 F - a +0 pair of boots (worn)
 J - a +2 leather armour of cold resistance
 K - a cursed -1 robe
Jewellery
 f - a +2 amulet of reflection
 j - the amulet of Xom's Malicious Joy (around neck) {Faith rElec rC- Int+4 Dex+7}
   (You found it in an ice cave)

   [amulet of faith]

   It allows you to gain divine favour quickly.
   It affects your intelligence (+4).
   It affects your dexterity (+7).
   It makes you vulnerable to cold.
   It insulates you from electricity.
 n - a ring of protection from cold (left hand)
 q - an uncursed ring of fire
 x - an uncursed amulet of the acrobat
 C - an uncursed ring of stealth
 G - the amulet of Noqysepn {+Rage rPois}
   (You found it in an ice cave)

   [amulet of rage]

   It protects you from poison.
   It lets you go berserk.
 H - the ring of Robustness (right hand) {AC+8}
   (You found it in an ice cave)

   [ring of protection]

   It affects your AC (+8).
 N - an uncursed ring of resist corrosion
Wands
 g - a wand of flame (7)
 z - a wand of disintegration (22)
 D - a wand of random effects (15)
Scrolls
 c - 2 scrolls of enchant weapon {unknown}
 h - 7 scrolls of teleportation
 l - 5 scrolls of remove curse
 p - 4 scrolls of fear
 E - 2 scrolls of amnesia
 I - 2 scrolls of identify
Potions
 e - 3 potions of curing
 i - a potion of heal wounds
 m - 2 potions of flight
 o - 3 potions of lignification
 r - a potion of agility
 v - a potion of brilliance
Comestibles
 d - 33 rations


   Skills:
 + Level 1.4 Fighting
 + Level 5.6(6.7) Short Blades
 * Level 5.0(6.0) Long Blades
 + Level 6.5 Dodging
 + Level 9.4 Stealth
 + Level 12.0 Spellcasting
 * Level 10.9 Conjurations
   Level 1.1 Summonings
 + Level 5.6 Translocations
 + Level 3.8 Fire Magic
 + Level 6.2 Air Magic
 + Level 6.6 Poison Magic
 * Level 5.2 Evocations


You had 26 spell levels left.
You knew the following spells:

 Your Spells              Type           Power        Failure   Level  Hunger
a - Magic Dart            Conj           ####         1%          1    None
b - Blink                 Tloc           N/A          1%          2    None
c - Mephitic Cloud        Conj/Pois/Air  ######..     1%          3    None
f - Conjure Flame         Conj/Fire      ######..     1%          3    None

Your spell library contained the following spells:

 Spells                   Type           Power        Failure   Level  Hunger
 Call Imp                 Summ           ####....     5%          2    None
 Slow                     Hex            ###.....     8%          2    None


Dungeon Overview and Level Annotations

Branches:
Dungeon (11/15)            Temple (1/1) D:4            Lair (3/6) D:8
  IceCv (visited)         Volcano (1/1)
  Swamp: Lair:2-4    Shoals: Lair:2-4     Snake: Lair:2-4    Spider: Lair:2-4
    Orc: D:9-12

Altars:
Ashenzari
Cheibriados
Dithmenos
Elyvilon
Fedhas
Gozag
Hepliaklqana
Kikubaaqudgha
Makhleb
Nemelex Xobeh
Okawaru
Qazlal
Ru
Sif Muna
Trog
Uskayaw
Vehumet
Wu Jian
Xom
Yredelemnul
Zin
The Shining One

Shops:
D:4 [   D:10 [?

Annotations:
D:5 Menkaure
D:6 2 transporters, SockSock's ghost, novice FoCK


Innate Abilities, Weirdness & Mutations

You have a pair of small antennae on your head.
You are partially covered in thin metallic scales. (AC +2)
You have a somewhat thin skeletal structure. (Dex +2, Stealth)
You are very agile. (Dex +4)
Your muscles are strong. (Str +2)
Your spells are a little harder to cast, but a little more powerful.
You evolve.
Your movements are slightly less encumbered by armour. (ER -2)


Message History

Confirm with . or Enter, or press ? or * to list all spells.
Okay, then.
You miss the hell hound.
The hell hound is heavily wounded.
The hell hound bites you but does no damage.
You hit the hell hound.
The hell hound is severely wounded.
The hell hound completely misses you.
You riposte.
You hit the hell hound.
The hell hound is severely wounded.
The hell hound breathes flames at you. The blast of flame hits you!
You hit the hell hound.
The hell hound is poisoned.
The hell hound is almost dead.
The hell hound closely misses you. The fire dragon breathes flames at you.
The blast of flame hits the hell hound.
The hell hound completely resists.
The blast of flame hits you!!!
Ouch! That really hurt!
You die...
Xom chortles!

..≈≈§≈§§§§≈≈≈≈§§≈≈§..#
...≈≈§≈≈§≈≈≈≈§≈≈≈§≈..#
#....§≈≈≈≈≈≈≈§≈§≈≈≈≈.#
##..§.≈≈§§≈≈≈§≈≈≈≈≈..#
###...≈≈≈≈≈≈§≈§....##
##..≈≈≈≈≈§≈≈≈....#
##...§≈§≈≈......#
#..§≈≈≈.......##
##.§.§...##@§§#
##§....###8h8# ##...##
##D## ##..# #D# ####
#'# #.# ..# .D.# ....#


You could see a fire dragon, a steam dragon and a hell hound.

Vanquished Creatures
  A hydra (Lair:2)
  Erolcha (D:9)
  Harold (D:7)
  A two-headed ogre (D:10)
  Pikel (D:9)
  A cyclops (D:11)
  Maurice (D:8)
  2 black mambas
  Joseph (D:8)
  5 spiny frogs
  3 komodo dragons
  5 rime drakes
  A queen bee (D:8)
  A hippogriff (Lair:1)
  Prince Ribbit (D:6)
  3 steam dragons
  24 yaks
  4 fire bats (Volcano)
  A wyvern (Lair:2)
  2 basilisks
  Eustachio (D:5)
  Grum (D:8)
  A hungry ghost (D:7)
  Edmund (D:6)
  8 water moccasins
  5 porcupines
  3 orc warriors
  16 ice beasts
  3 phantoms
  2 sky beasts
  2 necrophages
  6 ogres
  12 wolves
  5 centaurs
  3 crocodiles
  Blork the orc (D:5)
  2 big kobolds
  13 bullfrogs
  A wyvern zombie (D:9)
  5 scorpions
  14 killer bees (D:8)
  2 howler monkeys
  A crimson imp (D:10)
  7 lava snakes (Volcano)
  A centaur zombie (D:7)
  A bullfrog zombie (D:10)
  5 hounds
  Crazy Yiuf (D:3)
  5 orc wizards
  A bullfrog skeleton (D:9)
  An iguana (D:7)
  Terence (D:2)
  3 worker ants
  A hound skeleton (D:5)
  2 worker ant zombies
  4 gnolls
  8 adders
  An ooze (D:4)
  3 adder skeletons
  3 dart slugs (D:1)
  3 leopard geckos
  18 orcs
  4 giant cockroaches
  2 goblins
  9 hobgoblins
  9 jackals
  13 kobolds
  2 quokkas
  2 ball pythons
  7 bats
  2 frilled lizards (D:1)
  A jackal zombie (D:7)
  A leopard gecko zombie (D:5)
  2 quokka skeletons
  4 rats
  A fungus (Lair:2)
296 creatures vanquished.

Vanquished Creatures (others)
  A centaur (D:5)
  3 orcs (D:8)
  A kobold (D:8)
  2 fungi (Lair:1)
  7 plants
14 creatures vanquished.

Grand Total: 310 creatures vanquished

Notes
Turn   | Place    | Note
-------+----------+-------------------------------------------
     0 | D:1      | Esekla the Deep Elf Wizard began the quest for the Orb.
     0 | D:1      | Reached XP level 1. HP: 10/10 MP: 7/7
   360 | D:1      | Reached XP level 2. HP: 15/15 MP: 1/9
   404 | D:1      | Reached skill level 5 in Spellcasting
   900 | D:2      | Learned a level 2 spell: Blink
   960 | D:2      | Found a stormy altar of Qazlal.
  1047 | D:2      | Reached XP level 3. HP: 19/19 MP: 3/11
  1295 | D:1      | Learned a level 3 spell: Mephitic Cloud
  1299 | D:1      | Learned a level 3 spell: Conjure Flame
  1489 | D:2      | Reached XP level 4. HP: 24/24 MP: 2/13
  1806 | D:4      | Noticed an ogre
  1822 | D:4      | Killed an ogre
  1822 | D:4      | Reached skill level 1 in Air Magic
  1822 | D:4      | Reached skill level 1 in Poison Magic
  1822 | D:4      | Reached XP level 5. HP: 14/28 MP: 2/15
  1827 | D:4      | Found Inoun's Antique Armour Shoppe.
  1902 | D:4      | Reached skill level 6 in Spellcasting
  1984 | D:3      | Noticed Terence
  2501 | D:2      | Reached XP level 6. HP: 27/32 MP: 11/17
  2582 | D:2      | Killed Terence
  3142 | D:3      | Found a runed translucent door.
  3143 | D:3      | Noticed Crazy Yiuf
  3154 | D:3      | Killed Crazy Yiuf
  3387 | D:4      | Found a staircase to the Ecumenical Temple.
  3465 | Temple   | Entered the Ecumenical Temple
  3544 | Temple   | Became a worshipper of Xom of Chaos
  3578 | D:4      | XOM: harmless Hex miscast
  3673 | D:5      | Entered Level 5 of the Dungeon
  3673 | D:5      | Noticed Blork the orc
  3692 | D:5      | Reached XP level 7. HP: 9/36 MP: 14/18
  3697 | D:5      | Reached skill level 1 in Short Blades
  3698 | D:5      | XOM: harmless Summ miscast
  3717 | D:5      | XOM: polymorph ogre -> centaur
  3732 | D:4      | Bought an embroidered cloak for 210 gold pieces
  3925 | D:5      | Noticed Eustachio
  3943 | D:5      | Killed Eustachio
  3949 | D:5      | Killed Blork the orc
  4029 | D:5      | XOM: summons friendly crimson imp
  4039 | D:5      | XOM: cloud trail
  4040 | D:5      | Reached skill level 5 in Stealth
  4040 | D:5      | Reached skill level 7 in Spellcasting
  4075 | D:5      | Got an ominously black robe
  4091 | D:5      | Identified the +1 robe of Ophaeh {rCorr Dex+5} (You found
                  | it on level 5 of the Dungeon)
  4198 | D:5      | Noticed Menkaure
  4481 | D:5      | XOM: give mutations
  4481 | D:5      | Gained mutation: You are agile. (Dex +2) [Xom's grace]
  4481 | D:5      | Gained mutation: You are robust. (+10% HP) [Xom's grace]
  4481 | D:5      | Gained mutation: Your spells are a little harder to cast,
                  | but a little more powerful. [Xom's grace]
  4505 | D:5      | Reached skill level 5 in Conjurations
  4505 | D:5      | Reached XP level 8. HP: 43/45 MP: 14/21
  4522 | D:5      | XOM: god gift: 16 sling bullets
  4699 | D:6      | XOM: god gift: ruby potion {god gift}
  4708 | D:6      | Found a transporter.
  4801 | D:7      | Found an iron altar of Okawaru.
  4923 | D:7      | Reached skill level 8 in Spellcasting
  4931 | D:7      | XOM: fog
  5003 | D:7      | XOM: give mutation
  5003 | D:7      | Gained mutation: Your muscles are strong. (Str +2) [Xom's
                  | grace]
  5189 | D:6      | Noticed Prince Ribbit
  5192 | D:6      | XOM: butterfly on damage
  5193 | D:6      | XOM: confuse monster(s)
  5197 | D:6      | Killed Prince Ribbit
  5238 | D:6      | Noticed Edmund
  5240 | D:6      | XOM: cast spell 'Alistair's Intoxication'
  5262 | D:6      | Found a transporter.
  5283 | D:6      | Killed Edmund
  5283 | D:6      | Reached XP level 9. HP: 27/49 MP: 17/23
  5288 | D:6      | Noticed SockSock's ghost (novice FoCK)
  5655 | D:6      | Identified the ring "Lysu" {*Contam rElec Str+4 Dex+5}
  5682 | D:6      | XOM: divination: magic mapping
  5829 | D:6      | Found a sparkling altar of Nemelex Xobeh.
  5901 | D:7      | Noticed Harold
  5919 | D:7      | Killed Harold
  5919 | D:7      | Reached skill level 9 in Spellcasting
  5919 | D:7      | Reached skill level 5 in Poison Magic
  6184 | D:8      | XOM: divination: detect creatures
  6186 | D:8      | XOM: noise
  6186 | D:8      | Noticed Joseph
  6339 | D:7      | XOM: harmless Erth miscast
  6485 | D:7      | XOM: divination: detect creatures
  6554 | D:8      | XOM: divination: magic mapping
  6555 | D:8      | XOM: divination: detect items
  6626 | D:8      | XOM: harmless Fire miscast
  6637 | D:8      | Reached skill level 5 in Air Magic
  6643 | D:8      | Reached skill level 5 in Dodging
  6844 | D:8      | XOM: potion effect (heal wounds)
  6850 | D:7      | XOM: confuse monster(s)
  6940 | D:7      | Reached XP level 10. HP: 37/55 MP: 18/25
  7003 | D:8      | Noticed Grum
  7004 | D:8      | XOM: harmless Erth miscast
  7007 | D:8      | XOM: divination: detect items
  7182 | D:7      | XOM: divination: detect items
  7223 | D:7      | XOM: summons 5 hostile demons
  7224 | D:7      | Noticed a rust devil
  7238 | D:7      | XOM: summons friendly crimson imp
  7362 | D:8      | Killed Grum
  7395 | D:8      | XOM: enchant monster (bad)
  7427 | D:7      | XOM: smoke on damage
  7436 | D:7      | XOM: summons 5 hostile demons
  7749 | D:9      | XOM: summons 3 hostile demons
  8004 | D:9      | Noticed Pikel
  8024 | D:9      | Killed Pikel
  8177 | D:9      | XOM: stat loss: -1 Int (23/24)
  8208 | D:9      | XOM: give mutations
  8208 | D:9      | Gained mutation: Your mind is acute. (Int +2) [Xom's
                  | mischief]
  8208 | D:9      | Lost mutation: You are robust. (+10% HP) [Xom's mischief]
  8208 | D:9      | Lost mutation: Your mind is acute. (Int +2) [Xom's
                  | mischief]
  8237 | D:9      | Reached skill level 1 in Fire Magic
  8277 | D:9      | Noticed Erolcha
  8288 | D:9      | XOM: scenery: 3 doors open
  8314 | D:9      | Killed Erolcha
  8314 | D:9      | Reached skill level 10 in Spellcasting
  8843 | D:9      | XOM: harmless Pois miscast
  9373 | D:8      | Found a basalt altar of Yredelemnul.
  9431 | D:8      | Found a staircase to the Lair.
  9433 | D:8      | XOM: give mutations
  9433 | D:8      | Gained mutation: You are very agile. (Dex +4) [Xom's grace]
  9433 | D:8      | Gained mutation: You have a pair of small antennae on your
                  | head. [Xom's grace]
  9478 | D:8      | Noticed Maurice
  9480 | D:8      | XOM: divine lightning
  9498 | D:8      | Killed Maurice
  9547 | D:8      | XOM: fog
  9630 | D:8      | XOM: summons friendly quasit
  9706 | D:8      | XOM: mild Conj miscast
  9748 | D:8      | Got a bone dagger
  9772 | D:8      | Identified the cursed +3 dagger of Fear {freeze, +Inv rC++
                  | MR- Stlth+} (You found it on level 8 of the Dungeon)
  9825 | D:8      | XOM: mild Ice miscast
  9851 | D:8      | Killed Joseph
  9860 | D:8      | XOM: harmless Summ miscast
  9941 | D:8      | Found a shimmering blue altar of Sif Muna.
  9942 | D:8      | Found a radiant altar of Vehumet.
 10036 | D:8      | XOM: harmless Summ miscast
 10064 | D:7      | Reached XP level 11. HP: 54/54 MP: 5/27
 10124 | Lair:1   | Entered Level 1 of the Lair of Beasts
 10160 | Lair:1   | Reached skill level 11 in Spellcasting
 10184 | Lair:1   | Found a frozen archway.
 10194 | Lair:1   | You fall into a shaft and drop 1 floor!
 10195 | Lair:2   | Noticed a six-headed hydra
 10220 | Lair:2   | Got a smoking scimitar
 10281 | IceCv    | Entered an ice cave
 10442 | IceCv    | Reached skill level 1 in Evocations
 10442 | IceCv    | XOM: god gift: scroll of blinking
 10464 | IceCv    | XOM: cast spell 'Olgreb's Toxic Radiance'
 10466 | IceCv    | XOM: enchant monster (good)
 10467 | IceCv    | XOM: confusion (+ monsters)
 10477 | IceCv    | XOM: noise
 10515 | IceCv    | XOM: swap monsters
 10601 | IceCv    | XOM: harmless Conj miscast
 10652 | IceCv    | XOM: divination: detect creatures
 10703 | IceCv    | XOM: give mutations
 10703 | IceCv    | Gained mutation: Your system is resistant to poisons.
                  | (rPois) [Xom's grace]
 10703 | IceCv    | Gained mutation: Your movements are slightly less
                  | encumbered by armour. (ER -2) [Xom's grace]
 10703 | IceCv    | Gained mutation: You are partially covered in thin metallic
                  | scales. (AC +2) [Xom's grace]
 10835 | IceCv    | Noticed an ice dragon
 10835 | IceCv    | Noticed an ice dragon
 10836 | IceCv    | XOM: potion effect (might)
 10868 | IceCv    | Found the ring of Robustness {AC+8}
 10879 | IceCv    | Got a bound amethyst amulet
 10892 | IceCv    | Got a warped ruby amulet
 11004 | IceCv    | Reached skill level 5 in Translocations
 11224 | Lair:1   | XOM: smoke on damage
 11558 | Lair:1   | XOM: scenery: 2 fountains blood, 1 doors open
 11566 | Lair:1   | Reached skill level 5 in Short Blades
 11653 | Lair:1   | XOM: silly message
 11879 | Lair:1   | Reached skill level 10 in Conjurations
 11886 | Lair:1   | XOM: butterfly on damage
 11932 | Lair:1   | XOM: enchant monster (bad)
 11999 | Lair:1   | XOM: harmless Summ miscast
 12004 | Lair:1   | XOM: confusion (+ monsters)
 12007 | Lair:1   | XOM: chaos cloud
 12084 | Lair:1   | XOM: summons 4 hostile shadow creatures
 12163 | Lair:1   | XOM: medium Conj miscast
 12239 | Lair:1   | XOM: give mutation
 12239 | Lair:1   | Gained mutation: You evolve. [Xom's grace]
 12277 | Lair:1   | XOM: summons 5 hostile demons
 12517 | Lair:1   | Gained mutation: You have a somewhat thin skeletal
                  | structure. (Dex +2, Stealth) [evolution]
 12522 | Lair:1   | XOM: enchant monster (bad)
 12529 | Lair:1   | XOM: confusion
 12556 | Lair:1   | XOM: confusion
 12733 | D:10     | Entered Level 10 of the Dungeon
 12832 | D:10     | XOM: blink monster(s)
 12990 | D:10     | Found Bikhlopu's Antique Armour Shop.
 13001 | D:10     | XOM: 1-stop teleportation journey
 13005 | D:10     | Noticed a two-headed ogre
 13011 | D:10     | Found Kubal's Magic Scroll Shoppe.
 13033 | D:10     | Xom revived you
 13034 | D:10     | Killed a two-headed ogre
 13058 | D:10     | Bought a scroll of remove curse for 39 gold pieces
 13058 | D:10     | Bought a scroll of amnesia for 45 gold pieces
 13058 | D:10     | Bought a scroll of remove curse for 39 gold pieces
 13058 | D:10     | Bought a scroll of remove curse for 39 gold pieces
 13061 | D:10     | Identified the +7 scimitar "Bism" {venom, rC+} (You found
                  | it on level 2 of the Lair of Beasts)
 13062 | D:10     | Bought a scroll of identify for 26 gold pieces
 13063 | D:10     | Identified the amulet of Xom's Malicious Joy {Faith rElec
                  | rC- Int+4 Dex+7} (You found it in an ice cave)
 13065 | D:10     | Identified the amulet of Noqysepn {+Rage rPois} (You found
                  | it in an ice cave)
 13193 | D:10     | XOM: potion effect (brilliance)
 13195 | D:10     | XOM: confuse monster(s)
 13245 | D:10     | XOM: harmless Erth miscast
 13251 | D:10     | XOM: 1-stop teleportation journey
 13252 | D:10     | XOM: 1-stop teleportation journey
 13306 | D:11     | XOM: 1-stop teleportation journey
 13307 | D:11     | XOM: cleaving
 13310 | D:11     | Reached XP level 12. HP: 17/60 MP: 29/29
 13395 | D:11     | XOM: scenery: create altars
 13410 | D:10     | Reached skill level 1 in Long Blades
 13541 | D:9      | XOM: scenery: 1 doors close
 13977 | Lair:2   | XOM: cleaving
 13988 | Lair:2   | Reached skill level 12 in Spellcasting
 14004 | Lair:2   | XOM: fake destruction
 14031 | Lair:2   | XOM: scenery: create altars
 14060 | Lair:2   | XOM: cloud trail
 14181 | Lair:2   | XOM: confuse monster(s)
 14187 | Lair:2   | Killed a six-headed hydra
 14187 | Lair:2   | Reached skill level 1 in Fighting
 14230 | Lair:2   | XOM: scenery: create altars
 14320 | Lair:2   | XOM: scenery: create altars
 14381 | Lair:2   | XOM: fog
 14507 | Lair:3   | XOM: scenery: 1 doors open
 14515 | Lair:3   | XOM: cleaving
 14549 | Lair:3   | XOM: 3-stop teleportation journey
 14568 | Lair:3   | XOM: confuse monster(s)
 14571 | Lair:3   | Reached skill level 5 in Evocations
 14575 | Lair:3   | XOM: swap monsters
 14649 | Lair:3   | Found a dark tunnel.
 14657 | Volcano  | Entered a volcano
 14810 | Volcano  | Lost mutation: Your system is resistant to poisons. (rPois)
                  | [evolution]
 14883 | Volcano  | XOM: divination: detect creatures
 14888 | Volcano  | Reached skill level 5 in Long Blades
 14964 | Volcano  | Noticed a fire dragon
 14968 | Volcano  | XOM: summons 3 friendly demons
 14992 | Volcano  | XOM: smoke on damage
 14999 | Volcano  | Killed from afar by a fire dragon

Levels and vault maps discovered:
D:1:      dpeg_arrival_water_fire, layout_basic, fountainhead,
          minmay_box_of_dots
D:2:      layout_basic, lemuel_round_altar, wad_floor_pattern_untrapped,
          minmay_misc_feat_cross
D:3:      layout_loops_ring, uniq_crazy_yiuf_cottage, uniq_terence
D:4:      layout_loops_ring, minmay_temple_entry_statues_fountains,
          serial_shops, nicolae_shop_statue_plus
D:5:      layout_loops_ring, first_ration, chequers_serial_rivers_micro_a,
          uniq_blork_the_orc, uniq_eustachio, uniq_menkaure
D:6:      layout_cave_pods, kennysheep_mini, gammafunk_ghost_gnarly_gnolls,
          corexii_shack, uniq_prince_ribbit1, uniq_edmund
D:7:      kennysheep_steamy, layout_basic, overflow_temple_1_default,
          uniq_harold
D:8:      layout_rooms, overflow_temple_1_default,
          gammafunk_temple_overflow_statue, lair_entry_dummy, david_nohive_1,
          uniq_maurice, uniq_grum, uniq_joseph
D:9:      layout_stronghold, uniq_erolcha, uniq_pikel
D:10:     layout_basic, serial_shops, shop_statue, kennysheep_little_box, shop,
          minmay_nine_imps
D:11:     kb_forest_paths, layout_layer_cave
Temple:   nicolae_temple_x_marks_the_god
Lair:1:   layout_long_grid, portal_ice_cave_rime, lemuel_fruit_fields,
          lemuel_fruit_tree, grunt_megastairs_3
Lair:2:   layout_long_grid, chequers_serial_rivers_large_a
Lair:3:   layout_chaotic_city, enter_volcano_1
Volcano:  volcano_grotto [vgs_statue_spotlight]

Skill      XL: |  1  2  3  4  5  6  7  8  9 10 11 12 |
---------------+-------------------------------------+-----
Spellcasting   | 5 6 7 8 9 10 11 12 | 12.0
Conjurations   | 2 3 5 6 7 9 10 | 10.9
Stealth        | 3 4 5 6 7 8 9 |  9.4
Air Magic      | 1 2 3 5 6 |  6.2
Poison Magic   | 1 2 3 4 5 6 |  6.6
Dodging        | 3 4 5 6 |  6.5
Short Blades   | 1 2 4 5 |  5.6
Translocations | 2 3 5 |  5.6
Fire Magic     | 2 3 |  3.8
Evocations     | 3 5 |  5.2
Long Blades    | 5 |  5.0
Fighting       | 1 |  1.4
Summonings     | |  1.1

Action                   |  1- 3 |  4- 6 |  7- 9 | 10-12 || total
-------------------------+-------+-------+-------+-------++-------
Melee: Dagger            |    10 |    38 |   179 |   395 ||   622
       Rapier            |     4 |    56 |       |       ||    60
       Falchion          |       |     6 |       |       ||     6
       Scimitar          |       |       |       |   107 ||   107
Throw: Dart              |       |       |     2 |    65 ||    67
 Cast: Magic Dart        |    77 |    87 |    94 |   314 ||   572
       Mephitic Cloud    |     3 |    10 |    30 |    44 ||    87
       Blink             |     1 |     9 |    13 |    52 ||    75
       Conjure Flame     |       |     1 |    10 |    84 ||    95
Evoke: Wand              |       |       |       |     2 ||     2
  Use: Scroll            |     4 |       |    13 |     8 ||    25
       Potion            |       |     1 |     1 |    11 ||    13
 Stab: Sleeping          |     2 |     8 |     3 |    21 ||    34
       Confused          |     1 |    10 |    27 |    37 ||    75
       Invisible         |       |       |       |     3 ||     3
  Eat: Chunk             |     2 |     6 |    11 |    21 ||    40
       Ration            |       |       |       |     1 ||     1
Armor: Robe              |    30 |    20 |    19 |       ||    69
       Steam dragon scal |       |       |    27 |   134 ||   161
Dodge: Dodged            |    74 |    62 |   159 |   333 ||   628
Block: Other             |     5 |     5 |    14 |    20 ||    44
       Reflection        |       |     1 |     1 |       ||     2
       Rpst.: Falchion   |       |     2 |       |       ||     2
       Scimitar          |       |       |       |    22 ||    22

Table legend:
 A = Non-vault XP
 B = Vault XP
 C = Vault XP percentage of total XP
 D = Non-vault monster count
 E = Vault monster count
 F = Vault count percentage of total count
                 A         B        C        D         E       F
            +---------+---------+-------+---------+---------+-------
      Total |   21267 |   11004 |  34.1 |     227 |      69 |  23.3
            +---------+---------+-------+---------+---------+-------
        D:1 |      38 |       7 |  15.6 |      12 |       4 |  25.0
        D:2 |      74 |      36 |  32.7 |      14 |       1 |   6.7
        D:3 |      83 |      40 |  32.5 |      24 |       1 |   4.0
        D:4 |     359 |       0 |   0.0 |      12 |       0 |   0.0
        D:5 |     608 |     259 |  29.9 |      14 |       2 |  12.5
        D:6 |     671 |     438 |  39.5 |      12 |       3 |  20.0
        D:7 |    1651 |    1503 |  47.7 |      29 |       5 |  14.7
        D:8 |     592 |    2186 |  78.7 |      10 |      18 |  64.3
        D:9 |     955 |    1686 |  63.8 |      17 |       3 |  15.0
       D:10 |    1622 |       0 |   0.0 |      15 |       0 |   0.0
       D:11 |     525 |       0 |   0.0 |       2 |       0 |   0.0
     Lair:1 |    5442 |    1009 |  15.6 |      29 |       4 |  12.1
     Lair:2 |    5540 |       0 |   0.0 |      22 |       0 |   0.0
     Lair:3 |    3107 |       0 |   0.0 |      15 |       0 |   0.0
      IceCv |       0 |    2525 | 100.0 |       0 |      16 | 100.0
    Volcano |       0 |    1315 | 100.0 |       0 |      12 | 100.0
            +---------+---------+-------+---------+---------+-------
